 Dungeon Crawl Stone Soup version 0.30.1 (webtiles) character file.

Game seed: 2135050167095616903

27752 Peloso the Peltast (level 13, -22/118 HPs)
             Began as a Minotaur Fighter on July 4, 2023.
             Was a High Priest of Okawaru.
             Annihilated by a death yak simulacrum (29 damage)
             ... in an ice cave.
             The game lasted 00:33:12 (15199 turns).

Peloso the Peltast (Minotaur Fighter)              Turns: 15199, Time: 00:33:12

Health: -22/118    AC: 26    Str: 23    XL:     13   Next: 6%
Magic:  13/13      EV:  8    Int:  5    God:    Okawaru [*****.]
Gold:   3150       SH: 13    Dex: 13    Spells: 12/12 levels left

rFire   . . .        a - +8 Maxwell's thermic engine {flame, freeze, rev}
rCold   . . .        d - +0 kite shield
rNeg    . . .        y - +0 plate armour
rPois   +            K - +1 hat
rElec   .            (no cloak)
rCorr   .            s - +0 pair of gloves
SInv    .            g - +2 pair of boots
Will    .....        (no amulet) Stlth
                     e - ring of poison resistance
HPRegen 0.39/turn    p - +4 ring of protection
MPRegen 0.13/turn

%: no passive effects
@: studying Shields
A: horns 2, retaliatory headbutt
a: Renounce Religion, Heroism, Finesse, Duel


You were in an ice cave.
You worshipped Okawaru.
Okawaru was extremely pleased with you.
You visited 3 branches of the dungeon, and saw 15 of its levels.
You also visited: Bailey and Ice Cave.

You collected 3213 gold pieces.
You spent 63 gold pieces at shops.

Inventory:

Hand Weapons
 a - the +8 Maxwell's thermic engine (weapon) {flame, freeze, rev}
   (Okawaru gifted it to you on level 3 of the Lair of Beasts)
 b - a +3 falchion
 c - the +1 mace "Ucao" {freeze, *Noise rN+++ Int+5 SInv}
   (You found it on level 5 of the Dungeon)

   Int:       It affects your intelligence (+5).
   rN:        It renders you almost immune to negative energy.
   SInv:      It lets you see invisible.
   *Noise:    It may make noises in combat.
Missiles
 L - 2 throwing nets (quivered)
Armour
 d - a +0 kite shield (worn)
 g - a +2 pair of boots (worn)
 s - a +0 pair of gloves (worn)
 y - a +0 plate armour (worn)
 K - a +1 hat (worn)
Jewellery
 e - a ring of poison resistance (left hand)
 p - a +4 ring of protection (right hand)
 r - a +5 ring of evasion
 A - an amulet of guardian spirit
 B - a ring of magical power
 I - a +6 ring of intelligence
Wands
 k - a wand of flame (36)
 E - a wand of iceblast (5)
Scrolls
 f - 3 scrolls of poison
 i - 2 scrolls of brand weapon
 j - 4 scrolls of fear
 l - 5 scrolls of teleportation
 o - 5 scrolls of enchant armour
 u - 4 scrolls of summoning
 w - a scroll of amnesia
 x - 2 scrolls of fog
 G - a scroll of enchant weapon
 J - a scroll of identify
 M - a scroll of immolation
Potions
 h - a potion of might
 m - a potion of flight
 q - 2 potions of berserk rage
 t - 5 potions of curing
 v - 2 potions of cancellation
 C - 2 potions of magic
 D - a potion of experience
 F - 3 potions of mutation
 H - a potion of invisibility


   Skills:
 + Level 12.2 Fighting
 + Level 14.6 Long Blades
 + Level 3.7 Maces & Flails
 + Level 14.4 Armour
 + Level 4.0 Dodging
 + Level 1.1 Stealth
 + Level 15.6 Shields
 + Level 1.4 Invocations


You had 12 spell levels left.
You didn't know any spells.
Your spell library contained the following spells:

 Spells                   Type           Power      Damage    Failure   Level
 Freeze                   Ice            0%         1d3       100%        1
 Necrotise                Necr           0%         1d4       100%        1
 Poisonous Vapours        Pois/Air       0%         N/A       100%        2
 Scorch                   Fire           0%         2d5       100%        2
 Frozen Ramparts          Ice            0%         1d1       100%        3
 Hailstorm                Conj/Ice       0%         3d3       100%        3
 Mephitic Cloud           Conj/Pois/Air  0%         N/A       100%        3
 Vampiric Draining        Necr           0%         2d6       100%        3
 Flame Wave               Conj/Fire      0%         2d4       100%        4
 Manifold Assault         Tloc           0%         N/A       100%        4
 Passage of Golubria      Tloc           0%         N/A       100%        4
 Agony                    Necr           0%         N/A       100%        5
 Borgnjor's Vile Clutch   Necr/Erth      0%         N/A       100%        5
 Freezing Cloud           Conj/Ice/Air   0%         6-21      100%        5
 Yara's Violent Unravell  Hex/Tmut       0%         3d3       100%        5
 Dispersal                Tloc           0%         N/A       100%        6
 Disjunction              Tloc           0%         N/A       100%        8
 Tukima's Dance           Hex            Unusable   N/A       N/A         3
 Animate Dead             Necr           Unusable   N/A       N/A         4
 Death Channel            Necr           Unusable   N/A       N/A         6
 Summon Cactus Giant      Summ           Unusable   N/A       N/A         6

Dungeon Overview and Level Annotations

Branches:
Dungeon (11/15)            Temple (1/1) D:7            Lair (3/5) D:9
 Shoals (0/4) Lair:3       Spider (0/4) Lair:3          Orc (0/2) D:11
 Bailey (visited)           IceCv (1/1)

Altars:
Ashenzari
Cheibriados
Dithmenos
Elyvilon
Gozag
Hepliaklqana
Kikubaaqudgha
Makhleb
Nemelex Xobeh
Okawaru
Qazlal
Ru
Sif Muna
Trog
Uskayaw
Vehumet
Xom
Zin
The Shining One

Shops:
D:7 :(=*=?   D:8 [   D:11 [

Annotations:
D:5 1 runed translucent door, Tyszek's ghost, novice MiMo
D:8 3 runed translucent doors, polpettosauro's ghost, novice GrEE


Innate Abilities, Weirdness & Mutations

You have a pair of horns on your head.
You reflexively headbutt those who attack you in melee.


Message History

Unknown command.
You hit the death yak simulacrum but do no damage.
You headbutt the death yak simulacrum!
The death yak simulacrum is lightly damaged.
Unknown command.
You hit the death yak simulacrum but do no damage.
You headbutt the death yak simulacrum!
The death yak simulacrum is moderately damaged.
You block the death yak simulacrum's attack.
You block the polar bear simulacrum's attack. x2
The polar bear simulacrum claws you but does no damage.
Unknown command.
You hit the death yak simulacrum.
You melt the death yak simulacrum.
You headbutt the death yak simulacrum!
The death yak simulacrum is almost destroyed.
The death yak simulacrum gores you but does no damage.
The polar bear simulacrum bites you! The polar bear simulacrum freezes you!
* * * LOW HITPOINT WARNING * * *
The polar bear simulacrum misses you.
The polar bear simulacrum barely misses you.
You slice the death yak simulacrum!!
You melt the death yak simulacrum.
The death yak simulacrum vaporises!
Okawaru accepts your kill.
Unknown command.
You barely miss the polar bear simulacrum.
You block the polar bear simulacrum's attack.
The polar bear simulacrum claws you.
* * * LOW HITPOINT WARNING * * *
The polar bear simulacrum freezes you!
* * * LOW HITPOINT WARNING * * *
You block the polar bear simulacrum's attack.
You slice the polar bear simulacrum!!
You melt the polar bear simulacrum.
Your headbutt misses the polar bear simulacrum.
The polar bear simulacrum is almost destroyed.
The polar bear simulacrum barely misses you. x2
You block the polar bear simulacrum's attack.
The death yak simulacrum gores you.
* * * LOW HITPOINT WARNING * * *
The death yak simulacrum freezes you!!
You die...

#### ###
##..##
##..##....##
#..........#
.......∩.∩.#
..##.ZZ....#
###@...##
##..## ####


You could see a death yak simulacrum and a polar bear simulacrum.

Vanquished Creatures
  An orc warlord (Bailey)
  Harold (Lair:1)
  A two-headed ogre (D:11)
  5 death yaks (Lair:2)
  A skyshark (Lair:3)
  2 orc knights
  2 elephants (Lair:3)
  6 cane toads
  A black mamba (Lair:1)
  6 komodo dragons
  2 unseen horror zombies (D:10)
  2 unseen horrors (D:6)
  3 rime drakes
  3 trolls
  A polar bear (Lair:2)
  2 hornets
  3 blink frogs (Lair:2)
  A shadow (D:10)
  2 wraiths
  2 wyverns
  A basilisk (Lair:1)
  12 yaks
  7 vampires (D:10)
  A steam dragon (D:6)
  Eustachio (D:6)
  4 vampire mosquitoes (D:10)
  Menkaure (D:6)
  A death yak simulacrum (IceCv)
  2 acid dragons
  7 water moccasins
  2 black bears
  2 ice beasts (D:7)
  20 orc warriors
  3 centaurs
  3 phantoms
  4 bullfrogs
  A gnoll sergeant (D:5)
  A scorpion (D:5)
  9 wights
  15 killer bees
  3 howler monkeys (D:9)
  8 centaur zombies (D:10)
  6 hounds
  10 orc priests
  A jelly (D:6)
  14 orc wizards
  A sleepcap (D:6)
  3 iguanas
  A wolf simulacrum (IceCv)
  4 howler monkey zombies (D:10)
  8 gnolls
  8 adders
  2 shadow imps
  10 white imps
  3 worms
  A dart slug (D:1)
  56 orcs
  3 ball pythons
  5 endoplasms
  A giant cockroach (D:4)
  20 goblins
  17 hobgoblins
  4 jackals (D:1)
  5 kobolds
  3 quokkas
  4 bats
  A frilled lizard (D:1)
  3 rats
349 creatures vanquished.

Vanquished Creatures (others)
  An orc wizard (D:7)
1 creature vanquished.

Grand Total: 350 creatures vanquished

Notes
Turn   | Place    | Note
-------+----------+-------------------------------------------
     0 | D:1      | Peloso the Minotaur Fighter began the quest for the Orb.
     0 | D:1      | Reached XP level 1. HP: 19/19 MP: 0/0
   324 | D:1      | Reached XP level 2. HP: 26/27 MP: 1/1
   900 | D:2      | HP: 1/27 [hobgoblin (3)]
  1149 | D:2      | Reached XP level 3. HP: 33/33 MP: 2/2
  1703 | D:3      | Reached XP level 4. HP: 30/40 MP: 3/3
  1763 | D:3      | Reached skill level 4 in Shields
  1939 | D:3      | Reached skill level 1 in Dodging
  2252 | D:3      | Found a faded altar of an unknown god.
  2440 | D:4      | Reached skill level 5 in Armour
  2440 | D:4      | Reached XP level 5. HP: 44/47 MP: 4/4
  2907 | D:5      | Entered Level 5 of the Dungeon
  2927 | D:5      | Reached skill level 5 in Long Blades
  2927 | D:5      | Reached XP level 6. HP: 25/53 MP: 5/5
  3262 | D:5      | Found a runed translucent door.
  3262 | D:5      | Noticed Tyszek's ghost (novice MiMo)
  3340 | D:5      | Reached XP level 7. HP: 48/60 MP: 6/6
  3426 | D:5      | Reached skill level 5 in Fighting
  3572 | D:5      | Identified the +1 mace "Ucao" {freeze, *Noise rN+++ Int+5
                  | SInv}
  3986 | D:6      | Noticed Eustachio
  3997 | D:6      | Killed Eustachio
  4081 | D:6      | Noticed Menkaure
  4089 | D:6      | Killed Menkaure
  4315 | D:6      | Reached XP level 8. HP: 49/70 MP: 7/7
  4332 | D:6      | Reached skill level 1 in Maces & Flails
  4680 | D:6      | Reached skill level 5 in Shields
  5000 | D:6      | You fall into a shaft and drop 2 floors!
  5004 | D:8      | Found Jeonor's Armour Shop.
  5089 | D:7      | Found Ahoinosa's Book Shop.
  5094 | D:7      | Found Fuank's Weapon Boutique.
  5095 | D:7      | Found Rurydame's Assorted Antiques.
  5095 | D:7      | Found Qoyffaf's Jewellery Shop.
  5101 | D:7      | Found Xidom's Jewellery Shop.
  5101 | D:7      | Found Tepp's Magic Scroll Boutique.
  5148 | D:7      | Bought an emerald potion for 19 gold pieces
  5148 | D:7      | Bought a scroll labelled WENWAUKOME for 22 gold pieces
  5148 | D:7      | Bought a scroll labelled WENWAUKOME for 22 gold pieces
  5244 | D:7      | Reached skill level 6 in Shields
  5244 | D:7      | Reached XP level 9. HP: 21/78 MP: 8/8
  5861 | D:6      | Noticed an unseen horror
  5864 | D:6      | Noticed an unseen horror
  5867 | D:6      | Killed an unseen horror
  5884 | D:6      | Killed an unseen horror
  6041 | D:6      | Identified 2 scrolls of acquirement
  6331 | D:7      | Found a staircase to the Ecumenical Temple.
  6352 | Temple   | Entered the Ecumenical Temple
  6446 | Temple   | Became a worshipper of Warmaster Okawaru
  6663 | D:8      | Reached skill level 10 in Long Blades
  6663 | D:8      | Reached skill level 7 in Shields
  7009 | D:8      | Identified the +4 whip "Jezaris" {vamp, rElec rF- Str+2
                  | Int+4}
  7257 | D:8      | Reached skill level 10 in Armour
  7563 | D:8      | Found a runed translucent gate.
  7563 | D:8      | Found a runed translucent gate.
  7565 | D:8      | Found a runed translucent gate.
  7568 | D:8      | Noticed polpettosauro's ghost (novice GrEE)
  7659 | D:8      | Found a shimmering blue altar of Sif Muna.
  7662 | D:8      | Found a burning altar of Makhleb.
  7669 | D:8      | Found a white marble altar of Elyvilon.
  7672 | D:8      | Found a hazy altar of Hepliaklqana.
  7674 | D:8      | Found a glowing silver altar of Zin.
  7679 | D:8      | Found a shadowy altar of Dithmenos.
  7992 | D:9      | Reached * piety under Okawaru
  8020 | D:9      | Reached XP level 10. HP: 77/88 MP: 9/9
  8118 | D:9      | Reached skill level 8 in Shields
  8494 | D:9      | Reached ** piety under Okawaru
  8549 | D:9      | Found an opulent altar of Gozag.
  8878 | D:9      | Found a staircase to the Lair.
  9279 | D:10     | Entered Level 10 of the Dungeon
  9419 | D:10     | Reached skill level 9 in Shields
  9425 | D:10     | Reached *** piety under Okawaru
  9452 | D:10     | Reached XP level 11. HP: 72/97 MP: 10/10
  9460 | D:10     | Found a flagged portal.
  9529 | Bailey   | Entered a bailey
  9636 | Bailey   | Acquired 842 gold pieces
  9641 | Bailey   | Acquired 1133 gold pieces
  9762 | Bailey   | Reached **** piety under Okawaru
  9763 | Bailey   | Reached skill level 10 in Shields
  9924 | Bailey   | Noticed an orc knight
  9931 | Bailey   | Killed an orc knight
 10035 | Bailey   | Noticed an orc warlord
 10061 | Bailey   | Killed an orc warlord
 10062 | Bailey   | Reached skill level 10 in Fighting
 10062 | Bailey   | Reached skill level 11 in Shields
 10530 | D:10     | Identified the +1 helmet of the Jabberwock {Rampage rPois
                  | rN+ Dex-3}
 10599 | D:10     | Noticed an orc knight
 10903 | D:10     | Killed an orc knight
 10904 | D:10     | Reached skill level 1 in Invocations
 11221 | D:10     | Reached skill level 12 in Shields
 11796 | D:11     | Found Mogred's Armour Shop.
 11796 | D:11     | Found a staircase to the Orcish Mines.
 12112 | D:11     | Noticed a two-headed ogre
 12120 | D:11     | Killed a two-headed ogre
 12121 | D:11     | Reached XP level 12. HP: 83/108 MP: 8/11
 12364 | D:11     | Reached skill level 13 in Shields
 12716 | Lair:1   | Entered Level 1 of the Lair of Beasts
 12810 | Lair:1   | Noticed Harold
 12850 | Lair:1   | Killed Harold
 12851 | Lair:1   | Reached skill level 1 in Stealth
 13035 | Lair:1   | Reached ***** piety under Okawaru
 14021 | Lair:2   | Noticed a death yak
 14022 | Lair:2   | Noticed a death yak
 14022 | Lair:2   | Noticed a death yak
 14022 | Lair:2   | Noticed a death yak
 14022 | Lair:2   | Noticed a death yak
 14049 | Lair:2   | Killed a death yak
 14050 | Lair:2   | Reached skill level 14 in Shields
 14064 | Lair:2   | Killed a death yak
 14073 | Lair:2   | Killed a death yak
 14097 | Lair:2   | Killed a death yak
 14105 | Lair:2   | Killed a death yak
 14514 | Lair:2   | Reached skill level 15 in Shields
 15086 | Lair:3   | Received a gift from Okawaru
 15086 | Lair:3   | Found the +2 Maxwell's thermic engine {flame, freeze, rev}
 15125 | Lair:3   | Reached XP level 13. HP: 73/118 MP: 10/13
 15151 | Lair:3   | Found a frozen archway.
 15189 | IceCv    | Entered an ice cave
 15199 | IceCv    | Annihilated by a death yak simulacrum

Illustrated notes

Levels and vault maps discovered:
D:1:      ldierk_walled_garden, layout_basic, corexii_corridor_pit
D:2:      layout_rooms
D:3:      layout_loops_ring, shapermc_ecumenical_altar_totnotflames,
          nicolae_figureground_sparkle
D:4:      layout_cave_pools, serial_forest, infiniplex_forest_corner_1,
          infiniplex_forest_clump_medium, infiniplex_forest_lined_3,
          infiniplex_forest_lined_corner, infiniplex_forest_lined_corner,
          infiniplex_forest_clump_diagonal, infiniplex_forest_straight_2
D:5:      layout_loops_ring, hellmonk_ghost_happy_afterlife,
          columned_hall_lemuel
D:6:      minmay_cornered_nines, layout_loops_corners,
          hangedman_minor_gate_pass, uniq_menkaure, uniq_eustachio
D:7:      layout_rooms, temple_pool_b, glass_columns_b,
          dreamdust_mushroom_princess, nicolae_shop_national_dungeon_mall,
          nicolae_zen_rock_garden
D:8:      layout_cave_pods, nicolae_overflow_hallway_of_the_gods,
          gammafunk_ghost_necromancy, serial_shops, shop
D:9:      layout_loops_cross, mainiacjoe_overflow_alcove_2, david_lair_shrubbed,
          roderic_serpentine_path
D:10:     layout_rooms, serial_undead, serial_undead_d, serial_undead_c,
          serial_undead_d, serial_undead_a, serial_undead_e, serial_undead_d,
          enter_bailey_3
D:11:     layout_long_grid, orc_david_3
Temple:   bh_familiar_temple
Lair:1:   layout_regular_city, uniq_harold
Lair:2:   layout_cave_pods, lemuel_fruit_tree
Lair:3:   layout_small_grid, nicolae_shoals_entry_roost, spider_nest_entry_a,
          portal_ice_cave_entry_imps, st_stairs_10,
          grunt_forest_small_clearing_treed
IceCv:    ice_cave_small_necro

Skill      XL: |  1  2  3  4  5  6  7  8  9 10 11 12 |
---------------+-------------------------------------+-----
Fighting       | 4 5 6 7 9 10 12 | 12.2
Armour         | 4 5 6 8 10 11 12 14 | 14.4
Long Blades    | 3 5 6 7 9 10 12 13 14 | 14.6
Shields        | 4 6 7 9 12 15 | 15.6
Dodging        | 1 2 3 4 |  4.0
Maces & Flails | 2 3 |  3.7
Invocations    | 1 |  1.4
Stealth        | 1 |  1.1

Action                     |  1- 3 |  4- 6 |  7- 9 | 10-12 | 13-15 || total
---------------------------+-------+-------+-------+-------+-------++-------
  Melee: Long sword        |    79 |   164 |   309 |   110 |       ||   662
         Headbutt          |     8 |    27 |    82 |   286 |     9 ||   412
         Mace              |       |       |    24 |    18 |       ||    42
         Falchion          |       |       |    56 |   918 |       ||   974
         Double sword      |       |       |       |    12 |    33 ||    45
 Invoke: Heroism           |       |       |       |    17 |       ||    17
    Use: Potion            |     2 |       |     1 |     3 |     1 ||     7
         Scroll            |     1 |     2 |    11 |    11 |     1 ||    26
 Armour: Scale mail        |    47 |    20 |       |       |       ||    67
         Chain mail        |       |    67 |    74 |       |       ||   141
         Plate armour      |       |       |   162 |   403 |    39 ||   604
  Dodge: Dodged            |    45 |    53 |   147 |   202 |    16 ||   463
  Block: Buckler           |    23 |    36 |    92 |    24 |       ||   175
         Kite shield       |       |       |       |   399 |    44 ||   443
